 Dungeon Crawl Stone Soup version 0.18-a0-987-g0b0e4e7 (webtiles) character file.

135921 dvd the Eclecticist (level 16, -1/104 HPs)
             Began as a High Elf Air Elementalist on Jan 3, 2016.
             Was the Champion of Vehumet.
             Killed from afar by a shock serpent (14 damage)
             ... with a bolt of electricity
             ... on level 4 of the Snake Pit.
             The game lasted 03:31:27 (31893 turns).

dvd the Eclecticist (High Elf Air Elementalist)    Turns: 31893, Time: 03:31:28

Health: -1/104     AC: 32    Str:  7    XL:     16   Next: 65%
Magic:  12/36      EV: 18    Int: 29    God:    Vehumet [******]
Gold:   1855       SH:  0    Dex: 20    Spells: 11 memorised, 5 levels left

rFire  + . .     SeeInvis .     f - +7 quarterstaff (chaos)
rCold  + . .     Gourm    .     h - +6 leather armour "Nene" {rC+ Regen+ Slay+5}
rNeg   . . .     Faith    +     (shield currently unavailable)
rPois  +         Spirit   .     j - +2 helmet
rElec  .         Dismiss  .     o - +2 cloak {MR+}
rCorr  .         Reflect  .     i - +2 pair of gloves of Jiununik {Int+4 Dex+2 Slay+2}
SustAt .         Harm     .     r - +2 pair of boots
MR     ++...                    R - amulet of faith
Stlth  ++++......               C - ring of protection from fire
                                e - ring of poison resistance

@: lethally poisoned (-1 -> -1), icy armour, very slightly contaminated, repel
missiles, very resistant to hostile enchantments, stealthy
A: mutation resistance 1, wild magic 1
a: Renounce Religion


You were on level 4 of the Snake Pit.
You worshipped Vehumet.
Vehumet was exalted by your worship.
You were not hungry.

You visited 5 branches of the dungeon, and saw 27 of its levels.
You also visited: Sewer, Ossuary, Ice Cave and Volcano.

You collected 1988 gold pieces.
You spent 133 gold pieces at shops.

Inventory:

Hand Weapons
 f - a +7 quarterstaff of chaos (weapon)
 l - the +9 dagger of the Butterfly {pierce, +Inv SInv Stlth+}
   (You found it on level 8 of the Lair of Beasts)

   It inflicts extra damage upon your enemies.
   It lets you see invisible.
   It lets you turn invisible.
   It makes you more stealthy.
 Y - the +6 lajatang of Ibrazot {pain, +Blink}
   (You found it on level 8 of the Lair of Beasts)

   In the hands of one skilled in necromantic magic, it inflicts extra damage on
   living creatures.
   It lets you blink.
Armour
 h - the +6 leather armour "Nene" (worn) {rC+ Regen+ Slay+5}
   (You found it on level 8 of the Lair of Beasts)

   It affects your accuracy and damage with ranged weapons and melee attacks
   (+5).
   It protects you from cold.
   It increases your rate of regeneration.
 i - the +2 pair of gloves of Jiununik (worn) {Int+4 Dex+2 Slay+2}
   (You found it on level 1 of the Lair of Beasts)

   It affects your intelligence (+4).
   It affects your dexterity (+2).
   It affects your accuracy and damage with ranged weapons and melee attacks
   (+2).
 j - a +2 helmet (worn)
 o - a +2 cloak of magic resistance (worn)
 r - a +2 pair of boots (worn)
 G - a +1 robe of magic resistance
Jewellery
 e - a ring of poison resistance (left hand)
 C - a ring of protection from fire (right hand)
 D - an uncursed ring of wizardry
 H - the ring "Qytu" {rC+ Str-6 Int+4}
   (You bought it in a shop on level 1 of the Snake Pit)

   [ring of strength]

   It affects your strength (-6).
   It affects your intelligence (+4).
   It protects you from cold.
 P - an uncursed ring of protection from magic
 R - an amulet of faith (around neck)
 T - an uncursed ring of protection from cold
Wands
 b - a wand of disintegration (8/24)
 g - a wand of hasting (5/9)
 s - a wand of flame (28/48)
 t - a wand of cold (2/15)
 u - a wand of fire (1/15)
 v - a wand of digging (15/24)
 E - a wand of fireball (2/15)
 F - a wand of paralysis (4/24)
 I - a wand of fire (9/15)
 K - a wand of enslavement (8/24)
 L - a wand of fireball (6/15)
 S - a wand of lightning (5/15)
 U - a wand of disintegration (17/24)
 X - a wand of paralysis (13/24)
Scrolls
 d - 14 scrolls of identify
 y - 4 scrolls of fear
 z - 7 scrolls of remove curse
 N - 2 scrolls of recharging
 W - 2 scrolls of teleportation
Potions
 m - 4 potions of haste
 p - a potion of invisibility
 A - a potion of magic
 B - 4 potions of curing
 O - 2 potions of agility
 Q - a potion of heal wounds
Books
 a - a book of Envenomations

   Spells                             Type                      Level
   a - Spider Form                    Transmutation/Poison         3
   b - Alistair's Intoxication        Transmutation/Poison         4
   c - Olgreb's Toxic Radiance        Poison                       4
   d - Poisonous Cloud                Conjuration/Poison/Air       6
 w - Sif Muna's Guide on Aerial Conjuration
   (You acquired it on level 12 of the Dungeon)

   Spells                             Type                      Level
   a - Mephitic Cloud                 Conjuration/Poison/Air       3
   b - Dazzling Spray                 Conjuration/Hexes            3
   c - Static Discharge               Conjuration/Air              3
   d - Silence                        Hexes/Air                    5
   e - Bolt of Fire                   Conjuration/Fire             6
 x - a book of Clouds

   Spells                             Type                      Level
   a - Mephitic Cloud                 Conjuration/Poison/Air       3
   b - Conjure Flame                  Conjuration/Fire             3
   c - Poisonous Cloud                Conjuration/Poison/Air       6
   d - Freezing Cloud                 Conjuration/Ice/Air          6
   e - Ring of Flames                 Charms/Fire                  7
 J - Roxanne's Papyrus of Changing
   (You took it off Roxanne on level 3 of the Snake Pit)

   Spells                             Type                      Level
   a - Beastly Appendage              Transmutation                1
   b - Irradiate                      Conjuration/Transmutation    5
   c - Statue Form                    Transmutation/Earth          6
   d - Dragon Form                    Transmutation                7
 M - a book of Frost

   Spells                             Type                      Level
   a - Freeze                         Ice                          1
   b - Throw Frost                    Conjuration/Ice              2
   c - Ozocubu's Armour               Charms/Ice                   3
   d - Throw Icicle                   Conjuration/Ice              4
   e - Summon Ice Beast               Ice/Summoning                4
   f - Condensation Shield            Ice                          4
 Z - a book of the Warp

   Spells                             Type                      Level
   a - Recall                         Summoning/Translocation      3
   b - Gell's Gravitas                Hexes/Translocation          3
   c - Force Lance                    Conjuration/Translocation    4
   d - Phase Shift                    Translocation                5
   e - Warp Weapon                    Charms/Translocation         5
   f - Summon Forest                  Summoning/Translocation      5
Comestibles
 c - 6 bread rations
 k - 6 meat rations
 n - 17 fruits


   Skills:
 + Level 7.7 Fighting
 - Level 0.2 Short Blades
 + Level 9.8 Staves
 + Level 5.2 Armour
 + Level 13.3 Dodging
 + Level 9.2 Stealth
 + Level 15.2 Spellcasting
 + Level 13.3 Conjurations
 + Level 0.4 Hexes
 + Level 3.3 Charms
 + Level 3.3 Translocations
 + Level 2.5 Transmutations
 + Level 2.0 Fire Magic
 + Level 3.5 Ice Magic
 + Level 14.2 Air Magic
 + Level 0.8 Poison Magic
 + Level 4.5 Evocations


You had 5 spell levels left.
You knew the following spells:

 Your Spells              Type           Power        Failure   Level  Hunger
a - Force Lance           Conj/Tloc      #######.     1%          4    None
b - Repel Missiles        Chrm/Air       ######       1%          2    None
c - Static Discharge      Conj/Air       ########     1%          3    None
d - Lightning Bolt        Conj/Air       ########..   1%          5    None
e - Sting                 Conj/Pois      ####         1%          1    None
f - Throw Frost           Conj/Ice       ######       1%          2    None
g - Inner Flame           Hex/Fire       #####...     3%          3    None
h - Irradiate             Conj/Trmt      #######...   2%          5    None
i - Freezing Cloud        Conj/Ice/Air   #######...   5%          6    ###....
j - Bolt of Fire          Conj/Fire      #######...   11%         6    ###....
k - Ozocubu's Armour      Chrm/Ice       ######..     7%          3    None


Dungeon Overview and Level Annotations

Branches:
Dungeon (13/15)            Temple (1/1) D:5            Lair (8/8) D:11
  Swamp (1/4) Lair:4        Snake (4/4) Lair:6        Slime (0/6) Lair:8
    Orc (0/2) D:12
 Vaults: D:13-14

Altars:
Ashenzari
Cheibriados
Dithmenos
Elyvilon
Fedhas
Gozag
Kikubaaqudgha
Makhleb
Nemelex Xobeh
Okawaru
Pakellas
Qazlal
Ru
Sif Muna
Trog
Vehumet
Xom
Yredelemnul
Zin
The Shining One

Shops:
D:10 *   Snake:1 [!*   Snake:2 ::*:


Innate Abilities, Weirdness & Mutations

You are somewhat resistant to further mutation.
Your spells are a little harder to cast, but a little more powerful.


Message History

The shock serpent bites you!
* * * LOW HITPOINT WARNING * * *
The shock serpent shocks you!
* * * LOW HITPOINT WARNING * * *
Unknown command.
Read which item? (? for menu, Esc to quit)
Blink to where?
Press: ? - help, Dir - move target cursor, p - shock serpent You are very lightly contaminated with residual magic.
As you read the scroll of blinking, it crumbles to dust.
You feel sick.
The shock serpent shoots out a bolt of lightning at you!
The bolt of electricity hits you!
* * * LOW HITPOINT WARNING * * *
There is a stone staircase leading up, spattered with blood here.
The shock serpent shoots out a bolt of lightning at you!
The bolt of electricity hits you!
The shock serpent shoots out a bolt of lightning at you!
Helpless, you fail to dodge the bolt of electricity.
You die...

.....#..............#)#####......
§§...#.............##(#...#......
§§...#(...§).......#.)#...'......
§)...######)#.#.#.##).#...#......
......###..(#######.)##...#......
...)###.#....S....)..#....#......
....#...#...)S....)..#....#......
....#...')(..........#....#.:....
...##...#....)..@....######......
...#....#..(.............[.[../..
...#'...#..(..........†..........
....#.#.#........................
....#####........................
.......#.##......................
.###.#######........#............
## ## ###.##..####..###..### #
#.##### ##.# #### #


You could see 2 shock serpents.

Vanquished Creatures
  Roxanne (Snake:3)
  3 greater nagas (Snake:4)
  Aizul (Snake:3)
  5 dire elephants (Lair:8)
  10 naga warriors
  5 hydras
  A ghost crab (shapeshifter) (Snake:4)
  An ogre mage (Volcano)
  A catoblepas (Lair:8)
  A centaur warrior (D:13)
  10 anacondas
  Urug (D:12)
  9 naga sharpshooters
  6 death yaks (Lair:8)
  4 shock serpents
  9 sea snakes (Snake:3)
  3 salamander mystics
  7 naga ritualists
  The ghost of Pikaro the Covered, a novice DDFi of Pakellas (D:7)
  A hill giant (D:10)
  9 salamanders
  2 deep elf magi
  5 mana vipers
  A manticore (D:11)
  2 griffons
  3 cyclopes
  2 guardian serpents
  43 black mambas
  3 ice statues (IceCv)
  19 naga magi
  3 centaur skeletons
  13 elephants
  13 spiny frogs
  7 komodo dragons
  A fire drake (Lair:8)
  A merfolk (D:12)
  A freezing wraith (D:11)
  A boulder beetle (Lair:7)
  4 trolls
  20 blink frogs
  3 two-headed ogres (Volcano)
  9 polar bears
  Sigmund (D:3)
  8 redbacks (Snake:1)
  A spriggan (Lair:3)
  A shadow (D:13)
  Eustachio (D:4)
  A wraith (D:10)
  A fire bat (Volcano)
  48 yaks
  A human (D:12)
  2 basilisks
  17 hippogriffs
  7 vampire mosquitoes
  Menkaure (D:7)
  Edmund (D:4)
  38 nagas
  A swamp worm (Swamp:1)
  6 wolves
  14 water moccasins
  7 porcupines
  Duvessa (D:4)
  3 sky beasts
  3 orc warriors
  16 ice beasts
  8 black bears
  3 phantoms
  2 eyes of draining
  6 ogres
  8 centaurs
  23 crocodiles
  4 elf zombies (Ossuary)
  5 big kobolds
  14 giant frogs
  Dowan (D:4)
  2 scorpions
  3 jellies
  9 killer bees
  A water moccasin skeleton (D:3)
  4 wights (D:12)
  5 electric eels (Snake:3)
  8 crimson imps
  2 giant frog zombies
  13 lava snakes (Volcano)
  6 centaur zombies
  Crazy Yiuf (D:3)
  2 giant frog skeletons
  14 orc wizards
  10 orc priests
  2 hounds
  4 human zombies (Ossuary)
  14 iguanas
  Ijyb (D:3)
  Terence (D:2)
  9 worker ants
  21 sheep
  A hound skeleton (D:4)
  3 mummies (Ossuary)
  Robin (D:2)
  5 gnolls
  15 adders
  73 river rats
  2 shadow imps
  12 oozes
  2 adder skeletons (D:5)
  6 worms
  4 giant geckos
  53 orcs
  9 giant cockroaches
  17 goblins
  11 hobgoblins
  12 jackals
  6 quokkas
  11 ball pythons
  24 bats
  4 giant newts
  A jackal skeleton (D:5)
  19 kobolds
  A quokka zombie (D:5)
  26 rats
  A fungus (Lair:8)
  13 plants
963 creatures vanquished.

Vanquished Creatures (collateral kills)
  5 blink frogs
5 creatures vanquished.

Vanquished Creatures (others)
  An anaconda (Snake:3)
  A shock serpent (Snake:3)
  A spiny frog (Lair:2)
  A naga (Snake:1)
  A bush (Lair:8)
  36 fungi
  47 plants
88 creatures vanquished.

Grand Total: 1056 creatures vanquished

Notes
Turn   | Place    | Note
--------------------------------------------------------------
     0 | D:1      | dvd the High Elf Air Elementalist began the quest for the Orb.
     0 | D:1      | Reached XP level 1. HP: 11/11 MP: 4/4
   388 | D:1      | Reached skill level 4 in Air Magic
   458 | D:1      | Reached XP level 2. HP: 17/17 MP: 2/6
  1142 | D:1      | Learned a level 2 spell: Repel Missiles
  1184 | D:2      | Noticed Robin
  1414 | D:2      | Found a sparkling altar of Nemelex Xobeh.
  1419 | D:2      | Noticed Terence
  1600 | D:1      | Reached XP level 3. HP: 18/21 MP: 1/8
  1666 | D:1      | Learned a level 3 spell: Static Discharge
  1838 | D:2      | Killed Robin
  1918 | D:2      | Reached XP level 4. HP: 21/27 MP: 2/9
  2076 | D:2      | Killed Terence
  2076 | D:2      | Reached skill level 5 in Air Magic
  2525 | D:2      | Found an iron altar of Okawaru.
  2614 | D:3      | Reached XP level 5. HP: 31/31 MP: 3/11
  2763 | D:3      | Found an oddly glowing altar of Pakellas.
  2968 | D:3      | Noticed Sigmund
  3031 | D:3      | Killed Sigmund
  3031 | D:3      | Reached XP level 6. HP: 16/36 MP: 0/13
  3331 | D:3      | Noticed Ijyb
  3337 | D:3      | Killed Ijyb
  3601 | D:3      | Learned a level 5 spell: Lightning Bolt
  3632 | D:3      | Found a shimmering altar of Xom.
  3835 | D:3      | Noticed Crazy Yiuf
  3841 | D:3      | Killed Crazy Yiuf
  3841 | D:3      | Reached skill level 6 in Air Magic
  3841 | D:3      | Reached XP level 7. HP: 41/41 MP: 9/14
  4003 | D:4      | Found an iron altar of Okawaru.
  4087 | D:4      | Noticed Dowan
  4090 | D:4      | Noticed Duvessa
  4091 | D:4      | Killed Dowan
  4155 | D:4      | Killed Duvessa
  4155 | D:4      | Reached skill level 5 in Spellcasting
  4354 | D:4      | Found a bloodstained altar of Trog.
  4475 | D:4      | Found a glowing drain.
  4491 | Sewer    | Entered a sewer
  4626 | Sewer    | Reached skill level 1 in Fighting
  4669 | Sewer    | Reached XP level 8. HP: 48/48 MP: 11/17
  4774 | Sewer    | Reached skill level 5 in Conjurations
  4835 | Sewer    | Reached skill level 7 in Air Magic
  4879 | Sewer    | Reached skill level 1 in Staves
  5165 | D:4      | Noticed Eustachio
  5185 | D:4      | Killed Eustachio
  5438 | D:4      | Reached skill level 1 in Charms
  5463 | D:4      | Noticed Edmund
  5740 | D:4      | Killed Edmund
  5740 | D:4      | Reached skill level 8 in Air Magic
  5999 | D:5      | Entered Level 5 of the Dungeon
  6130 | D:5      | Found a deep blue altar of Sif Muna.
  6238 | D:5      | Reached XP level 9. HP: 53/53 MP: 5/19
  6249 | D:5      | Reached skill level 5 in Dodging
  6641 | D:5      | Gained mutation: Your body sometimes deteriorates upon taking damage. [potion of mutation]
  6641 | D:5      | Gained mutation: Your natural rate of healing is unusually fast. [potion of mutation]
  6717 | D:5      | Found a burning altar of Makhleb.
  6857 | D:5      | Found a staircase to the Ecumenical Temple.
  6864 | Temple   | Entered the Ecumenical Temple
  7015 | Temple   | Became a worshipper of Vehumet
  7476 | D:6      | Reached * piety under Vehumet
  7476 | D:6      | Offered knowledge of Sting by Vehumet.
  7479 | D:6      | Learned a level 1 spell: Sting
  7491 | D:6      | Found a shattered altar of Ashenzari.
  7586 | D:6      | Reached skill level 5 in Stealth
  7676 | D:6      | Found a blossoming altar of Fedhas.
  7844 | D:6      | Reached skill level 9 in Air Magic
  8163 | D:7      | Noticed Pikaro's ghost (novice DDFi)
  8165 | D:7      | Killed Pikaro's ghost
  8251 | D:7      | Found a sand-covered staircase.
  8293 | Ossuary  | Entered an ossuary
  8389 | Ossuary  | Reached XP level 10. HP: 53/59 MP: 8/23
  8564 | Ossuary  | Lost mutation: Your body sometimes deteriorates upon taking damage. [potion of cure mutation]
  8564 | Ossuary  | Lost mutation: Your natural rate of healing is unusually fast. [potion of cure mutation]
  8709 | D:7      | Noticed a cyclops
  8711 | D:7      | Killed a cyclops
  8759 | D:7      | Found a shadowy altar of Dithmenos.
  8770 | D:7      | Noticed Menkaure
  8781 | D:7      | Killed Menkaure
  8784 | D:7      | Offered knowledge of Throw Frost by Vehumet.
  8795 | D:7      | Learned a level 2 spell: Throw Frost
  8810 | D:7      | Reached ** piety under Vehumet
  9342 | D:8      | Got a faintly glowing war axe
  9343 | D:8      | Identified the +7 war axe of Xeog Wyu {freeze, rN+ MP+9} (You found it on level 8 of the Dungeon)
  9772 | D:8      | Found a basalt altar of Yredelemnul.
  9891 | D:9      | Reached skill level 1 in Evocations
 10445 | D:9      | Found a snail-covered altar of Cheibriados.
 10566 | D:10     | Entered Level 10 of the Dungeon
 10762 | D:10     | Noticed a hill giant
 10766 | D:10     | Killed a hill giant
 10984 | D:10     | Reached skill level 10 in Air Magic
 11298 | D:10     | Reached XP level 11. HP: 56/66 MP: 21/25
 11464 | D:10     | Noticed a deep elf mage
 11473 | D:10     | Killed a deep elf mage
 11473 | D:10     | Offered knowledge of Inner Flame by Vehumet.
 11532 | D:10     | Learned a level 3 spell: Inner Flame
 11646 | D:10     | Found Kevvonli's Assorted Antiques.
 11649 | D:10     | Bought a glowing robe for 18 gold pieces
 11779 | D:10     | Reached skill level 1 in Armour
 11879 | D:11     | Got a warped whip
 11880 | D:11     | Identified the +11 whip "Ucrorr" {slash, rF+ rN+ Str+4} (You found it on level 11 of the Dungeon)
 11892 | D:11     | Reached *** piety under Vehumet
 12148 | D:11     | Offered knowledge of Mephitic Cloud by Vehumet.
 12473 | D:11     | Reached **** piety under Vehumet
 12761 | D:11     | Found a staircase to the Lair.
 12766 | Lair:1   | Entered Level 1 of the Lair of Beasts
 12775 | Lair:1   | Got a pair of heavily runed gloves
 12786 | Lair:1   | Identified the +2 pair of gloves of Jiununik {Int+4 Dex+2 Slay+2} (You found it on level 1 of the Lair of Beasts)
 12823 | Lair:1   | Offered knowledge of Irradiate by Vehumet.
 12823 | Lair:1   | Reached skill level 10 in Spellcasting
 12889 | Lair:1   | Learned a level 4 spell: Force Lance
 12895 | Lair:1   | Learned a level 5 spell: Irradiate
 13123 | Lair:1   | Identified a scroll of acquirement
 13915 | Lair:2   | Reached skill level 5 in Staves
 13999 | Lair:2   | Reached XP level 12. HP: 52/74 MP: 17/27
 14000 | Lair:2   | Reached ***** piety under Vehumet
 14006 | Lair:2   | Offered knowledge of Freezing Cloud by Vehumet.
 14010 | Lair:2   | Reached skill level 11 in Air Magic
 14765 | Lair:2   | Reached skill level 10 in Conjurations
 15195 | Lair:3   | Found a frozen archway.
 15233 | IceCv    | Entered an ice cave
 15745 | Lair:3   | Learned a level 6 spell: Freezing Cloud
 16492 | Lair:4   | Reached skill level 10 in Dodging
 16536 | Lair:4   | Reached XP level 13. HP: 78/81 MP: 13/29
 16587 | Lair:4   | Got a twisted flail
 16588 | Lair:4   | Identified the +2 flail "Giant's Doom" {freeze, Int+3} (You found it on level 4 of the Lair of Beasts)
 16941 | Lair:4   | Reached skill level 12 in Air Magic
 17509 | Lair:4   | Found a staircase to the Swamp.
 17766 | D:12     | Offered knowledge of Fireball by Vehumet.
 17767 | D:12     | Noticed Urug
 17769 | D:12     | Killed Urug
 17769 | D:12     | Reached skill level 1 in Ice Magic
 18008 | D:12     | Gained mutation: Your spells are a little harder to cast, but a little more powerful. [potion of beneficial mutation]
 18009 | D:12     | Gained mutation: You are somewhat resistant to further mutation. [potion of beneficial mutation]
 18016 | D:12     | Reached skill level 1 in Translocations
 18019 | D:12     | Reached skill level 5 in Fighting
 18265 | D:12     | Identified Sif Muna's Guide on Aerial Conjuration (You acquired it on level 12 of the Dungeon)
 18474 | D:12     | Found a staircase to the Orcish Mines.
 19311 | D:13     | Offered knowledge of Spellforged Servitor by Vehumet.
 20239 | Lair:5   | Reached skill level 1 in Transmutations
 20688 | Lair:6   | Found a staircase to the Snake Pit.
 21219 | Lair:6   | Found a dark tunnel.
 21227 | Volcano  | Entered a volcano
 21581 | Volcano  | Reached XP level 14. HP: 85/89 MP: 17/31
 21590 | Volcano  | Found a bloodstained altar of Trog.
 22273 | Lair:7   | Offered knowledge of Lee's Rapid Deconstruction by Vehumet.
 23255 | Lair:8   | Entered Level 8 of the Lair of Beasts
 23332 | Lair:8   | Reached skill level 1 in Fire Magic
 23354 | Lair:8   | Reached skill level 13 in Spellcasting
 23931 | Lair:8   | Reached ****** piety under Vehumet
 24010 | Lair:8   | Found a staircase to the Slime Pits.
 24378 | Lair:8   | Offered knowledge of Delayed Fireball by Vehumet.
 25448 | Lair:8   | Got an encrusted dagger
 25454 | Lair:8   | Got a dazzling lajatang
 25455 | Lair:8   | Identified the +6 lajatang of Ibrazot {pain, +Blink} (You found it on level 8 of the Lair of Beasts)
 25457 | Lair:8   | Identified the +9 dagger of the Butterfly {pierce, +Inv SInv Stlth+} (You found it on level 8 of the Lair of Beasts)
 25534 | Lair:8   | Got an ichor-stained leather armour
 25545 | Lair:8   | Identified the +6 leather armour "Nene" {rC+ Regen+ Slay+5} (You found it on level 8 of the Lair of Beasts)
 25762 | Swamp:1  | Entered Level 1 of the Swamp
 25859 | Snake:1  | Entered Level 1 of the Snake Pit
 25945 | Snake:1  | Reached XP level 15. HP: 55/96 MP: 4/33
 26057 | Snake:1  | Found Sabipt's Assorted Antiques.
 26066 | Snake:1  | Bought a steaming pewter ring for 115 gold pieces
 26071 | Snake:1  | Identified the cursed ring "Qytu" {rC+ Str-6 Int+4} (You bought it in a shop on level 1 of the Snake Pit)
 26513 | Snake:1  | Learned a level 6 spell: Bolt of Fire
 26625 | Snake:1  | Found Acur Giu's Distillery.
 26641 | Snake:1  | Found Ereh's Armour Shoppe.
 26728 | Snake:1  | Learned a level 3 spell: Ozocubu's Armour
 26938 | Snake:1  | Offered knowledge of Bolt of Cold by Vehumet.
 27014 | Snake:2  | Found Hylehy's Book Shop.
 27022 | Snake:2  | Found Siotiot's Book Emporium.
 27541 | Snake:2  | Found Muskeyroe's Book Boutique.
 27775 | Snake:2  | Reached skill level 14 in Spellcasting
 27973 | Snake:2  | Found Hacidatt's Assorted Antiques.
 28309 | Snake:3  | Noticed Aizul
 28602 | Snake:3  | Killed Aizul
 28924 | Snake:3  | Offered knowledge of Conjure Ball Lightning by Vehumet.
 28966 | Snake:3  | Reached XP level 16. HP: 65/103 MP: 13/35
 29598 | Snake:3  | Noticed Roxanne
 29692 | Snake:3  | Killed Roxanne
 29698 | Snake:3  | Identified Roxanne's Papyrus of Changing (You took it off Roxanne on level 3 of the Snake Pit)
 30104 | Snake:4  | Entered Level 4 of the Snake Pit
 31086 | Snake:4  | Reached skill level 5 in Armour
 31419 | Snake:4  | Reached skill level 15 in Spellcasting
 31893 | Snake:4  | Killed from afar by a shock serpent

Vault maps used:
D:1:      minmay_arrival_open_corners, nrook_uturn
D:2:      old_standard_altar, nemelex_deck, first_bread, grunt_ministairs_7,
          uniq_terence, uniq_robin
D:3:      johnstein_pakellas_dig, marbit_many_paths,
          kennysheep_decorative_pillar, minmay_unequal, uniq_iyjb, uniq_sigmund,
          uniq_crazy_yiuf_cottage
D:4:      trog_eyes_of_draining, portal_sewer_entry_b,
          okawaru_metal_pillars_1_2, uniq_duvessa, uniq_eustachio, uniq_edmund
D:5:      led_sif_book, bloody_makhleb, minmay_temple_entry_fiery
D:6:      nicolae_overflow_hidden_temple, old_standard_altar
D:7:      nicolae_dithmenos_shadow_blocks,
          nicolae_ossuary_entry_false_entrances, uniq_menkaure
D:8:      overflow_temple_1_default
D:9:      lemuel_coloured_pillars_altar
D:10:     serial_shops, nicolae_shop_behind_doors
D:11:     grunt_lair_entry_orc_guard_hut, lab_entry_generic
D:12:     hiddenorc2_lemuel, hangedman_stone_soup, uniq_urug
Temple:   minmay_temple_curvy_8
Lair:2:   beast_lair_carwin_large_4, grunt_megastairs_3, lemuel_fruit_fields
Lair:3:   portal_ice_cave_entry_ice_beasts, grunt_forest_stairs_clearing
Lair:4:   minmay_swamp_entry_swarm, bh_autumn_forest_stairs
Lair:6:   minmay_snake_entry_six_corridors, lightli_volcano_entry_magma_tube
Lair:7:   pond, lemuel_fruit_tree
Lair:8:   due_jungle_book, nicolae_slime_entry_slimehenge
Swamp:1:  evilmike_swamp_ruin_wall, infiniplex_staircase_pool
Snake:1:  serial_shops, shop, shop, shop, spider_trap
Snake:2:  serial_shops, nicolae_shop_stone, shop, shop, shop
Snake:3:  serial_bayou, serial_bayou_ford_a, serial_bayou_lake_a,
          serial_bayou_crossing, serial_bayou_shore_a, uniq_roxanne, uniq_aizul
Snake:4:  snake_pit, uniq_donald
Sewer:    sewer_co_tree
Ossuary:  ossuary_minmay_four_chambers
IceCv:    ice_cave_statue_garden_02
Volcano:  volcano_grotto

Action                   |  1- 3 |  4- 6 |  7- 9 | 10-12 | 13-15 | 16-18 || total
-------------------------+-------+-------+-------+-------+-------+-------++-------
Melee: Short sword       |    20 |    43 |       |     6 |       |       ||    69
       Quarterstaff      |       |       |    93 |   418 |   681 |    90 ||  1282
       Dagger            |       |       |    22 |       |       |       ||    22
 Cast: Shock             |    75 |   101 |   239 |    23 |       |       ||   438
       Repel Missiles    |     1 |       |     3 |       |     5 |     1 ||    10
       Static Discharge  |       |     1 |    10 |    29 |    16 |     2 ||    58
       Lightning Bolt    |       |       |    26 |   122 |   205 |    80 ||   433
       Throw Frost       |       |       |       |    16 |    17 |     4 ||    37
       Sting             |       |       |       |    19 |     3 |     6 ||    28
       Inner Flame       |       |       |       |     5 |     4 |       ||     9
       Irradiate         |       |       |       |     6 |    18 |     3 ||    27
       Force Lance       |       |       |       |     4 |    45 |     5 ||    54
       Freezing Cloud    |       |       |       |       |    20 |    10 ||    30
       Ozocubu's Armour  |       |       |       |       |     8 |    11 ||    19
       Bolt of Fire      |       |       |       |       |     5 |     6 ||    11
Evoke: Wand              |       |       |     2 |    31 |    20 |    15 ||    68
  Use: Potion            |       |     5 |     9 |     7 |    16 |     6 ||    43
       Scroll            |       |     4 |     5 |    23 |    21 |     5 ||    58
 Stab: Sleeping          |       |     3 |     3 |     5 |     8 |       ||    19
       Paralysed         |       |       |     2 |     3 |     1 |     1 ||     7
       Petrifying        |       |       |     2 |     3 |     6 |       ||    11
       Confused          |       |       |       |     2 |       |     1 ||     3
       Distracted        |       |       |       |     1 |     1 |       ||     2
       Petrified         |       |       |       |       |     6 |       ||     6
  Eat: Chunk             |     3 |     6 |    18 |    38 |    33 |     1 ||    99
       Pizza             |       |       |     1 |     2 |     1 |       ||     4
       Beef jerky        |       |       |     1 |       |     4 |       ||     5
       Meat ration       |       |       |       |     1 |     1 |     2 ||     4
       Fruit             |       |       |       |     1 |       |     3 ||     4
       Royal jelly       |       |       |       |       |     3 |       ||     3
